 Dungeon Crawl Stone Soup version 0.24-a0-639-gb70a11d811 (webtiles) character file.

Game seed: 8968370188583556760, levelgen mode: deterministic

208 Kohma the Poker (level 5, -3/41 HPs)
             Began as a Merfolk Gladiator on Sept 22, 2019.
             Was a Follower of Qazlal.
             Slain by an orc warrior
             ... wielding a +0 hand axe
              (11 damage)
             ... on level 3 of the Dungeon.
             The game lasted 00:08:00 (3060 turns).

Kohma the Poker (Merfolk Gladiator)                 Turns: 3060, Time: 00:08:01

Health: -3/41      AC:  6    Str: 16    XL:     5   Next: 86%
Magic:  5/5        EV: 14    Int:  7    God:    Qazlal [*.....]
Gold:   113        SH:  1    Dex: 15    Spells: 4/4 levels left

rFire    . . .     SeeInvis .   b - +0 halberd
rCold    . . .     Gourm    .   (shield currently unavailable)
rNeg     . . .     Faith    .   e - +0 ring mail
rPois    .         Spirit   .   u - +0 helmet
rElec    .         Reflect  .   (no cloak)
rCorr    .         Harm     .   (no gloves)
MR       .....                  (no boots)
Stlth    +.........             (no amulet)
HPRegen  0.13/turn              (no ring)
MPRegen  0.09/turn              (no ring)

@: no status effects
A: change form in water, swift swim, stealthy swim
a: Renounce Religion


You were on level 3 of the Dungeon.
You worshipped Qazlal.
Qazlal was aware of your devotion.
You were not hungry.

You visited 1 branch of the dungeon, and saw 4 of its levels.

You collected 113 gold pieces.

Inventory:

Hand Weapons
 a - a +0 trident
 b - a +0 halberd (weapon)
Missiles
 d - 5 throwing nets (quivered)
 h - 4 boomerangs
 j - 5 silver javelins
Armour
 c - a +0 helmet
 e - a +0 ring mail (worn)
 u - a +0 helmet (worn)
 x - a +1 robe of magic resistance
 A - a +0 leather armour
Jewellery
 g - a +3 ring of evasion {unknown}
 i - an uncursed ring of see invisible {unknown}
 s - an uncursed ring of stealth {unknown}
Scrolls
 l - 2 scrolls of immolation {unknown}
 n - a scroll of fog {unknown}
 o - a scroll of fear {unknown}
 p - 2 scrolls of teleportation {unknown}
 q - a scroll of enchant weapon {unknown}
 t - 5 scrolls of remove curse {unknown}
 y - a scroll of identify {unknown}
Potions
 k - 2 potions of flight {unknown}
 m - 2 potions of heal wounds {unknown}
 r - 2 potions of berserk rage {unknown}
 v - 2 potions of magic {unknown}
 w - a potion of mutation {unknown}
 z - a potion of might
Comestibles
 f - 13 rations
 B - a chunk of flesh


   Skills:
 + Level 3.4 Fighting
 * Level 6.8 Polearms
 - Level 2.0 Throwing
 * Level 6.0 Dodging


You had 4 spell levels left.
You didn't know any spells.
Your spell library was empty.

Dungeon Overview and Level Annotations

Branches:
Dungeon (4/15)
 Temple: D:4-7

Altars:
Qazlal
Trog


Message History

The orc warrior is heavily wounded.
The orc warrior hits you with a +0 hand axe!
Your ring mail prevents you from hitting the orc warrior.
The orc warrior is heavily wounded.
The orc warrior closely misses you.
You hit the orc warrior.
The orc warrior is severely wounded.
The orc warrior barely misses you.
You closely miss the orc warrior.
The orc warrior is severely wounded.
The orc warrior hits you with a +0 hand axe!
* * * LOW HITPOINT WARNING * * *
You are too injured to fight recklessly!
You are too injured to fight recklessly!
You are too injured to fight recklessly!
You are too injured to fight recklessly!
You closely miss the orc warrior.
The orc warrior is severely wounded.
The orc warrior hits you with a +0 hand axe!
You die...

...#.# #...........#.###.# #....
^..#.# #.................###....
.....# #.......#..##.#..........
..#######........................
................#..##.##.........
#.######........#..##.##........<
#.######........#..##.##.....#.##
......##..##.....................
#...............@ยง..........##.##
.................o.####.#........
....#.##.#.#....#### #.#...##.##
....#.##.#.#....# #.#........
....#.##.#.#....# ##.#........
.####....#.###### #......##...
.........#.###########..#..###..#
.....................#.<#..# #...
.........#'###.......#..#..####.#


You could see an orc warrior.

Vanquished Creatures
  An orc wizard (D:3)
  5 adders
  6 gnolls
  2 worms (D:2)
  3 dart slugs
  A leopard gecko (D:3)
  8 orcs (D:3)
  2 ball pythons
  2 giant cockroaches (D:1)
  6 hobgoblins
  2 quokkas (D:3)
  5 bats
  3 frilled lizards (D:1)
  2 goblins (D:1)
  6 kobolds
  7 rats
61 creatures vanquished.

Notes
Turn   | Place    | Note
-------+----------+-------------------------------------------
     0 | D:1      | Kohma the Merfolk Gladiator began the quest for the Orb.
     0 | D:1      | Reached XP level 1. HP: 16/16 MP: 1/1
   113 | D:1      | Reached XP level 2. HP: 23/23 MP: 2/2
   302 | D:1      | Reached skill level 5 in Polearms
   392 | D:1      | Reached XP level 3. HP: 28/28 MP: 3/3
   675 | D:2      | Found a stormy altar of Qazlal.
   685 | D:2      | Became a worshipper of Qazlal Stormbringer
   766 | D:2      | Reached skill level 5 in Dodging
   766 | D:2      | Reached XP level 4. HP: 34/34 MP: 4/4
  1105 | D:2      | Noticed a moth of wrath
  1108 | D:2      | Found a bloodstained altar of Trog.
  1566 | D:3      | Found a faded altar of an unknown god.
  1608 | D:3      | Reached XP level 5. HP: 35/41 MP: 5/5
  2925 | D:3      | Reached * piety under Qazlal
  3044 | D:4      | Noticed an orc warrior
  3060 | D:3      | Slain by an orc warrior

Levels and vault maps discovered:
D:1:      scummos_arrival_simple_fountains, layout_rooms
D:2:      layout_basic, nicolae_qazlal_general_emergency, first_ration, tgw_trog
D:3:      layout_basic, chequers_ecumenical_altar_simple_redux
D:4:      layout_loops_ring, kennysheep_mini

Skill      XL: |  1  2  3  4  5 |
---------------+----------------+-----
Polearms       | 5 6 |  6.8
Dodging        | 5 6 |  6.0
Fighting       | 3 |  3.4
Throwing       | |  2.0

Action                   |  1- 3 |  4- 6 || total
-------------------------+-------+-------++-------
Melee: Trident           |    94 |   120 ||   214
       Halberd           |       |    36 ||    36
  Eat: Chunk             |       |     7 ||     7
Armor: Ring mail         |    28 |    31 ||    59
Dodge: Dodged            |    76 |    87 ||   163

Table legend:
 A = Non-vault XP
 B = Vault XP
 C = Vault XP percentage of total XP
 D = Non-vault monster count
 E = Vault monster count
 F = Vault count percentage of total count
                 A         B        C        D         E       F
            +---------+---------+-------+---------+---------+-------
      Total |     285 |      13 |   4.4 |      56 |       5 |   8.2
            +---------+---------+-------+---------+---------+-------
        D:1 |      41 |       1 |   2.4 |      24 |       1 |   4.0
        D:2 |      74 |      12 |  14.0 |       8 |       4 |  33.3
        D:3 |     170 |       0 |   0.0 |      24 |       0 |   0.0
            +---------+---------+-------+---------+---------+-------
